 Dungeon Crawl Stone Soup version 0.30.0-29-ga12c61a403 (webtiles) character file.

Game seed: 8177425604828535849

82 ChadusMaximus the Caller (level 4, -5/30 HPs)
             Began as a Barachi Summoner on June 24, 2023.
             Slain by a river rat (6 damage)
             ... in a sewer.
             The game lasted 00:02:33 (2433 turns).

ChadusMaximus the Caller (Barachi Summoner)         Turns: 2433, Time: 00:02:34

Health: -5/30      AC:  2    Str:  9    XL:     4   Next: 43%
Magic:  8/8        EV: 12    Int: 18    God:
Gold:   70         SH:  0    Dex: 12    Spells: 3/9 levels left

rFire   . . .        f - +0 short sword
rCold   . . .        (no shield)
rNeg    . . .        a - +0 robe
rPois   .            (no helmet)
rElec   .            (no cloak)
rCorr   .            (no gloves)
SInv    .            (no boots)
Will    .....        (no amulet)
Stlth   ++           (no ring)
HPRegen 0.25/turn    (no ring)
MPRegen 0.11/turn

%: no passive effects
@: slow
A: amphibious, slowness 1, strong legs 1, +LOS
a: Hop


You were in a sewer.
You visited 1 branch of the dungeon, and saw 3 of its levels.
You also visited: Sewer.

You collected 70 gold pieces.

Inventory:

Hand Weapons
 f - a +0 short sword (weapon)
Armour
 a - a +0 robe (worn)
Jewellery
 m - an amulet of guardian spirit
Scrolls
 d - 2 scrolls of blinking {unknown}
 e - a scroll of poison {unknown}
 g - a scroll of vulnerability {unknown}
 h - a scroll of torment {unknown}
 i - a scroll of amnesia {unknown}
 j - 2 scrolls of fear {unknown}
 k - a scroll of identify {unknown}
 l - a scroll of enchant armour {unknown}
 o - a scroll of fog {unknown}
Potions
 b - a potion of magic
 c - 2 potions of might {unknown}
 n - a potion of haste {unknown}


   Skills:
 - Level 2.4 Dodging
 - Level 2.0 Stealth
 + Level 3.1 Spellcasting
 * Level 6.1 Summonings


You had 3 spell levels left.
You knew the following spells:

 Your Spells              Type           Power      Damage    Failure   Level
a - Summon Small Mammal   Summ           100%       N/A       1%          1
b - Call Canine Familiar  Summ           25%        N/A       3%          3
c - Call Imp              Summ           50%        N/A       1%          2

Your spell library contained the following spells:

 Spells                   Type           Power      Damage    Failure   Level
 Summon Guardian Golem    Hex/Summ       13%        N/A       14%         3
 Summon Lightning Spire   Summ/Air       13%        N/A       41%         4
 Malign Gateway           Summ/Tloc      6%         N/A       100%        7
 Summon Horrible Things   Summ           12%        N/A       100%        8


Dungeon Overview and Level Annotations

Branches:
Dungeon (3/15)              Sewer (1/1)

Altars:


Innate Abilities, Weirdness & Mutations

You are amphibious.
You cover ground slowly.
You can hop short distances.
You have an extended range of vision and can be seen from far away.


Message History

The worm is heavily wounded.
Your cerulean imp hits the worm from afar with a -2 spear.
You catch the helpless worm completely off-guard!
You hit the worm.
The worm is almost dead.
The worm splashes around in the water.
Your cerulean imp hits the worm from afar with a -2 spear.
The worm dies!
No target in view!
Your hound disappears in a puff of smoke!
You enter the shallow water.
You open the large door. 2 river rats come into view.
Your cerulean imp barely misses the river rat.
You closely miss the river rat. The river rat bites you.
Your cerulean imp hits the river rat but does no damage.
There are monsters nearby!
You hit the river rat but do no damage. The river rat misses you.
Your cerulean imp hits the river rat with a -2 spear.
There are monsters nearby!
You barely miss the river rat.
The river rat is moderately wounded.
The river rat bites you! The river rat closely misses you.
Your cerulean imp hits the river rat with a -2 spear.
There are monsters nearby!
You hit the river rat but do no damage.
The river rat is heavily wounded.
The river rat barely misses you. The river rat bites you!
Your cerulean imp hits the river rat with a -2 spear.
There are monsters nearby!
You are too injured to fight recklessly!
Unknown command.
The river rat barely misses you. x2
Your cerulean imp hits the river rat with a -2 spear.
The river rat closely misses you. The river rat bites you!
* * * LOW HITPOINT WARNING * * *
Your cerulean imp barely misses the river rat.
Your cerulean imp hits the river rat but does no damage.
The river rat bites you.
You die...

#~≈~# +..+ #~≈~#
#~≈.# +..+ #~≈.#
#.≈~# #..# #~≈~#
#~≈.# #..# #~≈~#
#..# #~≈~#
#..####~≈~#
#..#.##~≈~#
+..r.##~≈.#
+.@r.##~≈~#
#.5#.##.≈~#
#..####.≈.# #.~#
#.≈~# #~.# #.≈~#
~≈~####~~####†≈.#
~.~~~~~~~~~~~~≈~#
≈≈≈≈≈≈≈~~≈≈≈≈≈≈~#
~.~~~~~..~~~~~~~#


You could see 2 river rats and a friendly cerulean imp (summoned).

Vanquished Creatures
  A worm (D:2)
  A dart slug (D:1)
  2 ball pythons (D:1)
  6 bats (Sewer)
  6 endoplasms
  2 giant cockroaches
  A goblin (D:1)
  2 hobgoblins (D:1)
  A jackal (D:1)
  5 quokkas
  A frilled lizard (D:1)
  2 kobolds
  4 rats
34 creatures vanquished.

Vanquished Creatures (collateral kills)
  An adder (D:2)
  2 worms (Sewer)
  A ball python (Sewer)
  3 giant cockroaches
  2 goblins
  2 hobgoblins (D:1)
  3 jackals
  2 kobolds
  2 quokkas (D:3)
  2 bats (Sewer)
  A frilled lizard (Sewer)
21 creatures vanquished.

Grand Total: 55 creatures vanquished

Notes
Turn   | Place    | Note
-------+----------+-------------------------------------------
     0 | D:1      | ChadusMaximus the Barachi Summoner began the quest for the
                  | Orb.
     0 | D:1      | Reached XP level 1. HP: 13/13 MP: 3/3
   204 | D:1      | Reached XP level 2. HP: 19/19 MP: 5/5
   233 | D:1      | Reached skill level 5 in Summonings
   886 | D:1      | Reached XP level 3. HP: 13/24 MP: 6/6
   912 | D:1      | Learned a level 3 spell: Call Canine Familiar
   915 | D:1      | Learned a level 2 spell: Call Imp
  1123 | D:1      | Found a faded altar of an unknown god.
  2000 | D:3      | Found a glowing drain.
  2040 | Sewer    | Entered a sewer
  2045 | Sewer    | Reached XP level 4. HP: 11/30 MP: 0/8
  2138 | Sewer    | Reached skill level 6 in Summonings
  2433 | Sewer    | HP: 1/30 [river rat (9)]
  2433 | Sewer    | Slain by a river rat

Illustrated notes

Levels and vault maps discovered:
D:1:      minmay_arrival_up_and_down, layout_basic,
          dilly_ecumenical_altar_fadedgnrine
D:2:      layout_basic
D:3:      layout_basic, led_sif_book, portal_sewer_entry_f,
          pf_guarded_unrand_delatra
Sewer:    sewer_fruit_machine

Skill      XL: |  1  2  3  4 |
---------------+-------------+-----
Stealth        | 2 |  2.0
Summonings     | 5 6 |  6.1
Spellcasting   | 3 |  3.1
Dodging        | |  2.4

Action                     |  1- 3 |  4- 6 || total
---------------------------+-------+-------++-------
  Melee: Unarmed           |     9 |       ||     9
         Short sword       |   112 |    76 ||   188
         Punch             |     1 |       ||     1
   Cast: Summon Small Mamm |    14 |     1 ||    15
         Call Imp          |     5 |     5 ||    10
         Call Canine Famil |     2 |     1 ||     3
   Stab: Sleeping          |     1 |       ||     1
         Distracted        |       |     1 ||     1
 Armour: Robe              |    25 |    18 ||    43
  Dodge: Dodged            |    70 |    63 ||   133
